 Seeded DCSS version 0.27.1-33-g824d729ab1 (webtiles) character file.

Game seed: 15882109875467650200 (custom seed)

141776 wilfster70 the Peltast (level 17, 0/119 HPs)
             Began as a Djinni Conjurer on Dec 23, 2021.
             Was the Champion of Makhleb.
             Slain by a demonic crawler (2 damage)
             ... on level 1 of the Spider Nest on Dec 25, 2021.
             The game lasted 01:52:38 (23425 turns).

wilfster70 the Peltast (Djinni Conjurer)           Turns: 23425, Time: 01:52:38

Health: 0/119      AC: -1    Str:  6    XL:     17   Next: 95%
Gold:   1131       EV: 14    Int: 33    God:    Makhleb [******] SH: 13 Dex: 12

rFire    + + .     SeeInvis .   a - +1 demon trident (vamp)
rCold    + . .     Faith    .   o - +1 kite shield
rNeg     . . .     Spirit   .   E - +2 robe {rC+}
rPois    ∞         Reflect  .   K - +2 helmet
rElec    .         Harm     .   v - +2 cloak {Will+}
rCorr    .         Rampage  .   s - +2 pair of gloves
Will     ++...                  (boots unavailable)
Stlth    ++........             l - amulet of regeneration
HPRegen  1.29/turn              n - +6 ring of intelligence
MPRegen  0.00/turn              t - ring of protection from cold

@: corroded, flying, very slightly contaminated, studying 3 skills
A: sickness immunity, fire resistance 2, cold vulnerability 1, float, innate
caster, hp casting, extra vitality 1
a: Renounce Religion, Minor Destruction, Lesser Servant of Makhleb, Major
Destruction, Greater Servant of Makhleb


You were on level 1 of the Spider Nest.
You worshipped Makhleb.
Makhleb was exalted by your worship.
You visited 5 branches of the dungeon, and saw 25 of its levels.
You also visited: Gauntlet, Ice Cave and Volcano.

You collected 3055 gold pieces.
You spent 1924 gold pieces at shops.

Inventory:

Hand Weapons
 a - a +1 vampiric demon trident (weapon)
 b - a +2 fustibalus of flaming
 N - a +0 demon trident of venom
Missiles
 f - 80 poisoned darts
 h - 14 curare-tipped darts
 i - 258 sling bullets
 O - 18 javelins
 Q - 2 atropa-tipped darts
Armour
 o - a +1 kite shield (worn)
 s - a +2 pair of gloves (worn)
 v - a +2 cloak of willpower (worn)
 x - +0 steam dragon scales
 z - a +0 leather armour of fire resistance
 E - a +2 robe of cold resistance (worn)
 K - a +2 helmet (worn)
Magical Staves
 R - a staff of death
Jewellery
 j - a ring of see invisible
 l - an amulet of regeneration (around neck)
 n - a +6 ring of intelligence (left hand)
 t - a ring of protection from cold (right hand)
Wands
 q - a wand of paralysis (50)
 u - a wand of iceblast (65)
 y - a wand of flame (18)
 G - a wand of mindburst (45)
 H - a wand of charming (12)
 M - a wand of digging (8)
 S - a wand of acid (17)
Scrolls
 c - 4 scrolls of teleportation
 p - 3 scrolls of fog
 r - 6 scrolls of identify
 D - a scroll of summoning
 I - a scroll of silence
 L - 2 scrolls of blinking
 P - a scroll of magic mapping
Potions
 d - 2 potions of brilliance
 e - 5 potions of heal wounds
 g - 4 potions of might
 k - 2 potions of cancellation
 m - 4 potions of berserk rage
 w - 3 potions of curing
 A - 6 potions of lignification
 B - 2 potions of resistance
 C - a potion of invisibility
 F - 3 potions of haste
 J - 2 potions of mutation


   Skills:
 - Level 10.0 Fighting
 - Level 10.0 Polearms
 - Level 8.4 Armour
 - Level 6.0 Dodging
 - Level 1.5 Stealth
 - Level 15.0 Shields
 + Level 12.6 Spellcasting
 - Level 6.0 Invocations
 - Level 6.0 Evocations


You couldn't memorise any spells.
You knew the following spells:

 Your Spells              Type           Power      Damage    Failure   Level
a - Magic Dart            Conj           100%       1d8       0%          1
b - Searing Ray           Conj           100%       3d7       1%          2
c - Dazzling Flash        Conj/Hex       100%       N/A       1%          3
d - Fulminant Prism       Conj/Hex       40%        3d20      1%          4
e - Iskenderun's Mystic   Conj/Tloc      81%        2d16      1%          4
f - Sandblast             Erth           100%       2d20      0%          1
g - Static Discharge      Conj/Air       81%        N/A       1%          2
h - Ozocubu's Armour      Ice            81%        N/A       1%          3
i - Sticky Flame          Conj/Fire      81%        2d9       1%          4
j - Summon Forest         Summ/Tloc      40%        N/A       1%          5
k - Irradiate             Conj/Tmut      40%        3d27      1%          5
l - Simulacrum            Ice/Necr       40%        N/A       1%          6
m - Haunt                 Necr/Summ      40%        N/A       10%         7
Your spell library was empty.

Dungeon Overview and Level Annotations

Branches:
Dungeon (15/15)            Temple (1/1) D:7            Lair (6/6) D:11
 Shoals (0/4) Lair:2       Spider (1/4) Lair:2        Slime (0/5) Lair:6
    Orc (2/2) D:11            Elf (0/3) Orc:2        Vaults (0/5) D:14
 Depths (0/5) D:15          IceCv (visited)         Volcano (visited)
Gauntlet (visited)

Altars:
Ashenzari
Cheibriados
Dithmenos
Elyvilon
Fedhas
Gozag
Hepliaklqana
Kikubaaqudgha
Makhleb
Nemelex Xobeh
Okawaru
Qazlal
Ru
Sif Muna
Trog
Uskayaw
Vehumet
Wu Jian
Xom
Yredelemnul
Zin
The Shining One
Beogh

Shops:
D:9 ?   Orc:2 (=*[

Annotations:
D:15 5 runed translucent doors
Lair:4 2 transporters
Lair:6 Rudyoh's ghost, journeyman OgMo


Innate Abilities, Weirdness & Mutations

You are immune to sickness and miasma.
You are immune to poison.
Your flesh is very heat resistant. (rF++)
You are vulnerable to cold. (rC-)
You float through the air rather than walking.
You learn spells naturally, not from books.
Your magical power is your life essence.
You have superior vitality. (+4 HP)


Message History

The demonic crawler is almost dead.
The demonic crawler twists and deforms.
The jumping spider hisses angrily.
The redback bites you. You block the demonic crawler's attack.
The demonic crawler hits you. x2; You block the redback's attack.
You miss the redback.
The redback is almost dead.
The demonic crawler hits you. The demonic crawler hits you!
You block the demonic crawler's attack.
An orb spider comes into view.
The jumping spider leaps!
The redback completely misses you.
The orb spider hisses angrily.
You hit the jumping spider but do no damage.
The demonic crawler misses you. You block the demonic crawler's attack.
The demonic crawler hits you!
The jumping spider leaps!
The redback bites you! The jumping spider closely misses you.
The jumping spider bites you.
The jumping spider leaps!
You block the demonic crawler's attack. The demonic crawler misses you.
The demonic crawler hits you. The jumping spider pounces on you!
* * * LOW HITPOINT WARNING * * *
You are caught in a web!
The jumping spider bites you!
* * * LOW HITPOINT WARNING * * *
The redback bites you.
* * * LOW HITPOINT WARNING * * *
The jumping spider pounces on you!
* * * LOW HITPOINT WARNING * * *
The jumping spider bites you.
* * * LOW HITPOINT WARNING * * *
The demonic crawler hits you.
* * * LOW HITPOINT WARNING * * *
The demonic crawler hits you.
* * * LOW HITPOINT WARNING * * *
The demonic crawler hits you.
* * * LOW HITPOINT WARNING * * *
There is a web here.
The web tears apart.
The jumping spider leaps!
You block the redback's attack.
You block the jumping spider's attack. x2; The demonic crawler hits you.
* * * LOW HITPOINT WARNING * * *
The demonic crawler hits you.
You die...

......†.†.....#
.....^........#
...s..........#
........°.....#
..............#
.......°......#
..............#
........s†...^#
.......^s@....#
.......ss....#
.....
.............#
.♣...
..#°#........#
.....
.....##......#
.....
.............#
.......
....s........#
......#
..s.........#
......#
s.........#


You could see a demonic crawler (misshapen), 3 jumping spiders and a redback
(misshapen).

Vanquished Creatures
  Rupert (D:12)
  Jorgrun (D:12)
  Kirke (D:13)
  An orc warlord (Orc:1)
  A stone giant (D:15)
  An entropy weaver (Spider:1)
  A minotaur (Gauntlet)
  Snorg (Lair:5)
  A fire dragon (D:14)
  Josephine (D:14)
  A vault guard (D:14)
  9 hydras
  Fannar (D:11)
  An ice dragon (IceCv)
  2 boulder beetles
  3 catoblepae (Lair:6)
  4 two-headed ogres
  4 centaur warriors (D:14)
  5 death yaks (Lair:6)
  An orc high priest (Orc:1)
  Urug (Orc:1)
  Sonja (Lair:5)
  Nergalle (D:12)
  A deep elf archer (Volcano)
  A harpy (shapeshifter) (D:15)
  5 orc knights
  6 deep elf pyromancers (Volcano)
  A lindwurm (Lair:1)
  A wolf spider (Spider:1)
  17 ugly things
  3 orc sorcerers
  2 manticores (Lair:6)
  3 cyclopes
  11 elephants
  Maurice (D:8)
  3 ice statues
  7 black mambas
  A merfolk siren (Lair:2)
  14 cane toads
  A cane toad (shapeshifter) (D:14)
  Maggie (D:10)
  A smoke demon (Gauntlet)
  An unseen horror (D:12)
  2 kobold demonologists (D:11)
  6 rime drakes
  7 komodo dragons
  A freezing wraith (Lair:6)
  A komodo dragon (shapeshifter) (D:15)
  2 tengu conjurers (D:15)
  A red devil (Gauntlet)
  A jumping spider (Spider:1)
  4 trolls
  Prince Ribbit (Lair:3)
  4 dream sheep
  7 polar bears
  9 slime creatures
  A hornet (D:10)
  10 blink frogs
  3 tarantellas (Spider:1)
  Sigmund (D:3)
  10 redbacks (Spider:1)
  52 yaks
  2 shadows
  6 wraiths
  5 basilisks
  9 fire elementals (Volcano)
  5 wyverns
  A hog (D:13)
  17 vampire mosquitoes
  2 steam dragons
  6 wargs
  4 large abominations (Gauntlet)
  3 hell hounds (Volcano)
  2 acid dragons
  22 water moccasins
  Duvessa (D:7)
  23 orc warriors
  8 ice beasts
  2 black bears
  12 centaurs
  2 necrophages (D:5)
  22 wolves
  5 ogres
  6 small abominations (Gauntlet)
  2 kobold brigands (D:9)
  11 bullfrogs
  A gnoll sergeant (D:11)
  6 scorpions (Lair:2)
  Dowan (D:7)
  A water moccasin zombie (D:6)
  3 lindwurm simulacra (IceCv)
  10 killer bees
  14 wights (D:8)
  4 electric eels
  2 howler monkeys
  2 crimson imps (Gauntlet)
  8 komodo dragon simulacra (IceCv)
  A bullfrog zombie (D:5)
  4 centaur zombies
  3 hounds
  4 jellies
  14 orc priests
  2 gnoll shamans
  2 centaur skeletons
  3 iguanas
  17 orc wizards
  A hound skeleton (D:4)
  A howler monkey skeleton (D:5)
  2 acid dragon simulacra (IceCv)
  16 gnolls
  6 adders
  A shadow imp (D:7)
  3 white imps
  8 steam dragon simulacra (IceCv)
  An ufetubus (D:6)
  2 worms
  5 dart slugs
  36 orcs
  3 ball pythons
  9 endoplasms
  5 giant cockroaches
  2 goblins
  8 hobgoblins
  5 quokkas
  5 bats (D:2)
  3 frilled lizards
  7 kobolds
  4 rats
661 creatures vanquished.

Vanquished Creatures (collateral kills)
  2 boulder beetles
  A tengu warrior (D:15)
  3 slime creatures (D:15)
  A blink frog (Lair:3)
  An orc warrior (Orc:1)
  4 orcs (Orc:1)
12 creatures vanquished.

Vanquished Creatures (others)
  Psyche (D:8)
  A slime creature (D:13)
  3 humans (D:13)
  A bush (Lair:6)
  A demonic plant (Gauntlet)
  28 fungi
  50 plants
85 creatures vanquished.

Grand Total: 758 creatures vanquished

Notes
Turn   | Place    | Note
-------+----------+-------------------------------------------
     0 | D:1      | wilfster70 the Djinni Conjurer began the quest for the Orb.
     0 | D:1      | Reached XP level 1. HP: 15/15 MP: 0/0
   364 | D:1      | Reached XP level 2. HP: 17/21 MP: 0/0
   735 | D:1      | Found a faded altar of an unknown god.
  1096 | D:1      | Reached XP level 3. HP: 14/25 MP: 0/0
  1096 | D:1      | Learned a level 1 spell: Sandblast
  1853 | D:2      | Reached XP level 4. HP: 26/31 MP: 0/0
  2241 | D:2      | Reached XP level 5. HP: 28/35 MP: 0/0
  2241 | D:2      | Learned a level 2 spell: Static Discharge
  2655 | D:3      | Reached skill level 5 in Spellcasting
  2934 | D:3      | Noticed Sigmund
  2940 | D:3      | Killed Sigmund
  2941 | D:3      | Reached XP level 6. HP: 33/40 MP: 0/0
  3436 | D:4      | Reached XP level 7. HP: 42/45 MP: 0/0
  3436 | D:4      | Learned a level 3 spell: Ozocubu's Armour
  4419 | D:5      | Entered Level 5 of the Dungeon
  4542 | D:5      | Identified the +9 morningstar of Descent {vorpal, Fragile
                  | rPois rF++ rC+}
  4710 | D:5      | Identified a scroll of acquirement
  4710 | D:5      | Acquired a manual of Slings
  4728 | D:5      | Reached XP level 8. HP: 49/50 MP: 0/0
  4730 | D:5      | Reached skill level 1 in Fighting
  5146 | D:6      | Reached skill level 5 in Fighting
  5210 | D:6      | Reached XP level 9. HP: 60/66 MP: 0/0
  5210 | D:6      | Learned a level 4 spell: Sticky Flame
  5940 | D:7      | Found a blossoming altar of Fedhas.
  6039 | D:7      | Reached skill level 5 in Dodging
  6057 | D:7      | Found a staircase to the Ecumenical Temple.
  6066 | Temple   | Entered the Ecumenical Temple
  6248 | Temple   | Became a worshipper of Makhleb the Destroyer
  6366 | D:7      | Noticed Duvessa
  6368 | D:7      | Noticed Dowan
  6383 | D:7      | Killed Duvessa
  6399 | D:7      | Killed Dowan
  6697 | D:8      | Noticed Maurice
  6704 | D:8      | Killed Maurice
  6902 | D:8      | Reached skill level 5 in Invocations
  6925 | D:8      | Reached XP level 10. HP: 61/72 MP: 0/0
  6982 | D:8      | Reached skill level 1 in Evocations
  7058 | D:8      | Noticed a two-headed ogre
  7062 | D:8      | Reached * piety under Makhleb
  7080 | D:8      | Killed a two-headed ogre
  7081 | D:8      | Reached skill level 5 in Evocations
  7236 | D:8      | Noticed Psyche
  7246 | D:8      | Killed Psyche
  7672 | D:9      | Found Xoeb's Magic Scroll Emporium.
  7682 | D:9      | Bought a scroll of identify for 32 gold pieces
  7682 | D:9      | Bought a scroll of identify for 32 gold pieces
  7750 | D:9      | Found a white marble altar of Elyvilon.
  8038 | D:10     | Entered Level 10 of the Dungeon
  8045 | D:10     | Noticed a two-headed ogre
  8054 | D:10     | Killed a two-headed ogre
  8055 | D:10     | Reached XP level 11. HP: 22/76 MP: 0/0
  8055 | D:10     | Learned a level 5 spell: Summon Forest
  8124 | D:10     | Found an opulent altar of Gozag.
  8172 | D:10     | Found a sparkling altar of Nemelex Xobeh.
  8175 | D:10     | Noticed Maggie
  8186 | D:10     | Killed Maggie
  8349 | D:10     | Reached ** piety under Makhleb
  8965 | D:11     | Noticed Fannar
  8974 | D:11     | Killed Fannar
  8975 | D:11     | Reached skill level 10 in Spellcasting
  8975 | D:11     | Reached skill level 2 in Shields
  9056 | D:11     | Reached skill level 3 in Shields
  9143 | D:11     | Reached skill level 4 in Shields
  9179 | D:11     | Noticed a soul eater
  9180 | D:11     | Reached skill level 5 in Shields
  9351 | D:11     | Found a staircase to the Lair.
  9425 | D:11     | Found a staircase to the Orcish Mines.
  9774 | D:11     | Reached *** piety under Makhleb
  9775 | D:11     | Reached skill level 6 in Shields
 10030 | Lair:1   | Entered Level 1 of the Lair of Beasts
 10035 | Lair:1   | Reached XP level 12. HP: 69/83 MP: 0/0
 10041 | Lair:1   | Reached skill level 7 in Shields
 10193 | Lair:1   | Reached skill level 1 in Polearms
 10700 | Lair:1   | Reached skill level 5 in Polearms
 10705 | Lair:1   | Found a dark tunnel.
 10721 | Volcano  | Entered a volcano
 10804 | Volcano  | Reached **** piety under Makhleb
 10815 | Volcano  | Reached skill level 8 in Shields
 10912 | Volcano  | Reached XP level 13. HP: 75/87 MP: 0/0
 10912 | Volcano  | Learned a level 5 spell: Irradiate
 11107 | Lair:2   | Noticed a seven-headed hydra
 11202 | Lair:2   | Killed a seven-headed hydra
 11298 | Lair:2   | Reached skill level 9 in Shields
 11323 | Lair:2   | Found a staircase to the Shoals.
 11624 | Lair:2   | Noticed a seven-headed hydra
 11633 | Lair:2   | Killed a seven-headed hydra
 11634 | Lair:2   | Reached skill level 10 in Shields
 11843 | Lair:2   | Found a hole to the Spider Nest.
 12050 | Lair:3   | Noticed a seven-headed hydra
 12060 | Lair:3   | Killed a seven-headed hydra
 12145 | Lair:3   | Noticed a six-headed hydra
 12152 | Lair:3   | Killed a six-headed hydra
 12255 | Lair:3   | Reached skill level 11 in Shields
 12332 | Lair:3   | Noticed Prince Ribbit
 12348 | Lair:3   | Killed Prince Ribbit
 12488 | Lair:3   | Reached ***** piety under Makhleb
 12996 | Lair:4   | Reached skill level 12 in Shields
 13003 | Lair:4   | Found a transporter.
 13003 | Lair:4   | Found a transporter.
 13005 | Lair:4   | Noticed a boulder beetle
 13005 | Lair:4   | Noticed a boulder beetle
 13165 | Lair:4   | Noticed a boulder beetle
 13211 | Lair:4   | Killed a boulder beetle
 13212 | Lair:4   | Reached XP level 14. HP: 92/94 MP: 0/0
 13395 | Lair:4   | Reached skill level 13 in Shields
 13704 | Lair:4   | Acquired a +1 vampiric demon trident
 14020 | Lair:5   | Noticed Sonja
 14026 | Lair:5   | Killed Sonja
 14126 | Lair:5   | Reached skill level 14 in Shields
 14159 | Lair:5   | Noticed Snorg
 14164 | Lair:5   | Killed Snorg
 14580 | Lair:6   | Entered Level 6 of the Lair of Beasts
 14659 | Lair:6   | Found a frozen archway.
 14674 | IceCv    | Entered an ice cave
 15401 | Lair:5   | Reached skill level 15 in Shields
 15401 | Lair:5   | Reached ****** piety under Makhleb
 15658 | Lair:6   | Reached XP level 15. HP: 91/103 MP: 0/0
 15658 | Lair:6   | Learned a level 6 spell: Simulacrum
 16043 | Lair:6   | Found a staircase to the Slime Pits.
 16279 | Lair:6   | Found a runed translucent gate.
 16279 | Lair:6   | Found a runed translucent gate.
 16279 | Lair:6   | Found a runed translucent gate.
 16279 | Lair:6   | Noticed Rudyoh's ghost (journeyman OgMo)
 16588 | Lair:6   | Reached skill level 10 in Fighting
 16588 | Lair:6   | Reached skill level 1 in Armour
 16737 | Lair:6   | Reached skill level 5 in Armour
 17291 | Orc:1    | Entered Level 1 of the Orcish Mines
 17756 | Orc:2    | Entered Level 2 of the Orcish Mines
 17756 | Orc:2    | Found a staircase to the Elven Halls.
 18165 | Orc:2    | Noticed an orc warlord
 18233 | Orc:1    | Killed an orc warlord
 18309 | Orc:2    | Noticed Urug
 18469 | Orc:1    | Killed Urug
 18573 | Orc:2    | Found Cumuadug's Antique Weapon Boutique.
 18621 | Orc:2    | Found Zusoc Ciss's General Store.
 18629 | Orc:2    | Bought a potion of heal wounds for 75 gold pieces
 18629 | Orc:2    | Bought a scroll of fog for 30 gold pieces
 18637 | Orc:2    | Found Goufuw's Jewellery Boutique.
 18645 | Orc:2    | Bought a ring of see invisible for 195 gold pieces
 18653 | Orc:2    | Found Lah Oson's Antique Armour Boutique.
 18661 | Orc:2    | Bought ice dragon scales for 1560 gold pieces
 19314 | D:12     | Noticed Nergalle
 19321 | D:12     | Killed Nergalle
 19422 | D:12     | Noticed Rupert
 19448 | D:12     | Killed Rupert
 19449 | D:12     | Reached skill level 10 in Polearms
 19449 | D:12     | Reached XP level 16. HP: 92/113 MP: 0/0
 19492 | D:12     | Noticed Jorgrun
 19517 | D:12     | Killed Jorgrun
 19993 | D:13     | Noticed Kirke
 20014 | D:13     | Noticed a sphinx
 20016 | D:13     | Killed Kirke
 20053 | D:13     | Found a gate leading to a gauntlet.
 20063 | Gauntlet | Entered a Gauntlet
 20063 | Gauntlet | Found a transporter.
 20063 | Gauntlet | Found a transporter.
 20063 | Gauntlet | Found a transporter.
 20064 | Gauntlet | Found a transporter.
 20104 | Gauntlet | Found a transporter.
 20118 | Gauntlet | Reached XP level 17. HP: 119/119 MP: 0/0
 20118 | Gauntlet | Learned a level 7 spell: Haunt
 20124 | Gauntlet | Found a transporter.
 20153 | Gauntlet | Found a transporter.
 20186 | Gauntlet | Found a transporter.
 20211 | Gauntlet | Identified the ring "Backibbi" {rPois Str+6 Int+2 Dex-4}
 20262 | Gauntlet | Found a transporter.
 21323 | D:14     | Noticed Josephine
 21336 | D:14     | Killed Josephine
 21469 | D:14     | Found a gate to the Vaults.
 21708 | D:14     | Found a hide-covered altar of Uskayaw.
 22338 | D:15     | Entered Level 15 of the Dungeon
 22502 | D:15     | Found the +9 staff of Olgreb {rPois∞}
 22506 | D:15     | Found a runed translucent door.
 22512 | D:15     | Found a runed translucent gate.
 22513 | D:15     | Found a runed translucent door.
 22522 | D:15     | Found a runed translucent gate.
 22532 | D:15     | Found a runed translucent gate.
 22821 | D:15     | Found a staircase to the Depths.
 23228 | Spider:1 | Entered Level 1 of the Spider Nest
 23424 | Spider:1 | HP: 1/119 [demonic crawler (5)]
 23425 | Spider:1 | Slain by a demonic crawler

Illustrated notes

Levels and vault maps discovered:
D:1:      scummos_arrival_simple_crosswalls, layout_loops_ring,
          dreamdust_ecumenical_altar_statues
D:2:      layout_basic, grunt_ministairs_14, kennysheep_generic_room_5
D:3:      layout_basic, uniq_sigmund
D:4:      layout_gridville
D:5:      layout_cave_pools
D:6:      layout_basic
D:7:      layout_basic, fedhas_ov_isle_minmay, temple_fountains, uniq_duvessa
D:8:      layout_basic, uniq_psyche, uniq_maurice
D:9:      layout_cave_pools, mainiacjoe_overflow_six_doors_small, serial_shops,
          nicolae_shop_window_shopping, grunt_ministairs_2
D:10:     layout_small_grid, nemelex_xobeh_ov_fountains_minmay,
          nicolae_gozag_seed_capital, serial_rivers,
          chequers_serial_rivers_micro_a, chequers_serial_rivers_large_b,
          chequers_serial_rivers_large_a, chequers_serial_rivers_micro_a,
          uniq_maggie
D:11:     layout_irregular_city, dpeg_oklobed_lair, grunt_ministairs_9,
          uniq_fannar
D:12:     layout_small_grid, uniq_nergalle, uniq_jorgrun, uniq_rupert
D:13:     layout_basic, gauntlet_entry_generic, serial_rivers,
          chequers_serial_rivers_room_a, chequers_serial_rivers_room_b,
          chequers_serial_rivers_micro_d, chequers_serial_rivers_room_b,
          chequers_serial_rivers_micro_d, uniq_kirke
D:14:     layout_roguey, david_vaults_4, minmay_fountain_box,
          dancing_weapons_uskayaw, uniq_josephine
D:15:     grunt_enter_depths_giant_problem, layout_cave_pools,
          nicolae_water_bricks, minmay_guarded_unrand_staff_of_olgreb
Temple:   dpeg_five_rooms_temple
Lair:1:   layout_loops_ring, nicolae_volcano_entry_vermiform
Lair:2:   layout_misc_corridors, minmay_shoals_entry_lonely_mermaid,
          nicolae_spider_entry_non_spiders, cheibrodos_lair_lostbears,
          lemuel_fruit_fields
Lair:3:   layout_chaotic_city, uniq_prince_ribbit2
Lair:4:   gammafunk_boulding_lane, layout_hall_layers, serial_bayou_shore_a,
          grunt_megastairs_4
Lair:5:   layout_regular_city, disabler_island, grunt_megastairs_2, uniq_snorg,
          uniq_sonja
Lair:6:   evilmike_catoblepas_cave, layout_long_grid,
          minmay_slime_entry_pillars, portal_ice_cave_entry_pillars_1,
          ebering_ghost_rock_garden, st_stairs_7, ice2_lemuel,
          infiniplex_staircase_pool
Spider:1: layout_spider_delve, nicolae_spider_paper_wasps
Orc:1:    layout_diamond_mine
Orc:2:    grunt_orc_cross, layout_caves, uniq_urug

Skill      XL: |  1  2  3  4  5  6  7  8  9 10 11 12 13 14 15 16 17 |
---------------+----------------------------------------------------+-----
Spellcasting   | 4 5 6 7 9 10 12 | 12.6
Fighting       | 5 6 7 10 | 10.0
Dodging        | 6 |  6.0
Invocations    | 5 6 |  6.0
Evocations     | 6 |  6.0
Shields        | 6 8 12 15 | 15.0
Polearms       | 7 8 10 | 10.0
Armour         | 6 8 |  8.4
Stealth        | |  1.5

Action                   |  1- 3 |  4- 6 |  7- 9 | 10-12 | 13-15 | 16-18 || total
-------------------------+-------+-------+-------+-------+-------+-------++-------
Melee: Unarmed           |     4 |       |       |       |       |       ||     4
       Morningstar       |       |       |       |     1 |       |       ||     1
       Trident           |       |       |       |    29 |    67 |       ||    96
       Demon trident     |       |       |       |       |   478 |   390 ||   868
 Cast: Magic Dart        |    33 |    16 |    88 |    99 |   128 |    21 ||   385
       Searing Ray       |    21 |    24 |    68 |   124 |   138 |       ||   375
       Iskenderun's Myst |       |       |       |     7 |    11 |    46 ||    64
       Sticky Flame      |       |       |       |     9 |   157 |    54 ||   220
       Summon Forest     |       |       |       |     1 |     1 |     3 ||     5
       Irradiate         |       |       |       |       |    68 |    30 ||    98
       Ozocubu's Armour  |       |       |       |       |    28 |    11 ||    39
       Dazzling Flash    |       |       |       |       |     1 |       ||     1
       Simulacrum        |       |       |       |       |     2 |     2 ||     4
Evoke: Wand              |       |       |       |     1 |       |       ||     1
  Use: Scroll            |     5 |     2 |     7 |    12 |    14 |     2 ||    42
       Potion            |       |       |       |       |       |     2 ||     2
 Stab: Invisible         |       |       |       |       |       |     2 ||     2
Armor: Robe              |     1 |       |     6 |    46 |   338 |   136 ||   527
       Steam dragon scal |       |       |       |    24 |       |       ||    24
Dodge: Dodged            |    15 |     7 |    28 |   184 |   520 |   222 ||   976
Block: Buckler           |       |       |       |    38 |    37 |       ||    75
       Kite shield       |       |       |       |       |   613 |   322 ||   935
